 Dungeon Crawl Stone Soup version 0.25.0-10-g039870e (webtiles) character file.

Game seed: 2816136098264231005

280 REmasher the Skirmisher (level 6, -2/48 HPs)
             Began as a Human Fighter on June 24, 2020.
             Was a Believer of Nemelex Xobeh.
             Killed by divine providence
             ... invoked by an orc priest
              (16 damage)
             ... on level 3 of the Dungeon.
             The game lasted 00:19:08 (3073 turns).

REmasher the Skirmisher (Human Fighter)             Turns: 3073, Time: 00:19:08

Health: -2/48      AC:  9    Str: 18    XL:     6   Next: 52%
Magic:  6/6        EV:  5    Int:  8    God:    Nemelex Xobeh [**....]
Gold:   102        SH:  9    Dex: 13    Spells: 5/5 levels left

rFire    . . .     SeeInvis .   s - +2 dagger (venom)
rCold    . . .     Gourm    .   c - +0 kite shield
rNeg     . . .     Faith    .   u - +0 chain mail
rPois    .         Spirit   .   (no helmet)
rElec    .         Reflect  .   (no cloak)
rCorr    .         Harm     .   (no gloves)
MR       .....                  (no boots)
Stlth    ..........             (no amulet)
HPRegen  0.16/turn              (no ring)
MPRegen  0.10/turn              (no ring)

@: no status effects
A: no striking features
a: Draw Escape, Draw Destruction, Draw Summoning, Renounce Religion


You were on level 3 of the Dungeon.
You worshipped Nemelex Xobeh.
Nemelex Xobeh was pleased with you.
You were not hungry.

You visited 1 branch of the dungeon, and saw 4 of its levels.

You collected 102 gold pieces.

Inventory:

Hand Weapons
 a - a +0 war axe
 m - a +0 spear
 s - a +2 dagger of venom (weapon)
 w - a +0 hunting sling
Missiles
 g - 17 sling bullets
 k - 82 stones (quivered)
 l - 7 curare-tipped darts
 o - 19 poisoned darts
Armour
 b - a +0 scale mail
 c - a +0 kite shield (worn)
 t - a +0 leather armour
 u - a +0 chain mail (worn)
Scrolls
 e - a scroll of immolation
 i - a scroll of enchant weapon {unknown}
 j - a scroll of remove curse
 n - a scroll of fear {unknown}
 v - a scroll of noise {unknown}
Potions
 d - a potion of might
 h - a potion of degeneration {unknown}
 r - a potion of resistance {unknown}
Comestibles
 f - 6 rations
 q - 3 chunks of flesh


   Skills:
 + Level 4.2 Fighting
 + Level 2.6 Short Blades
 + Level 3.1 Axes
 + Level 4.2 Armour
 + Level 0.6 Dodging
 + Level 3.4 Shields


You had 5 spell levels left.
You didn't know any spells.
Your spell library was empty.

Dungeon Overview and Level Annotations

Branches:
Dungeon (4/15)
 Temple: D:4-7

Altars:
Dithmenos
Kikubaaqudgha
Nemelex Xobeh
Yredelemnul


Message History

Okay, then.
You see here a ring mail.
Some of the chunks of flesh in your inventory have rotted away.
You draw a card...
You have drawn the Shaft.
A shaft materialises beneath you!
The orc priest invokes the aid of Beogh against you.
Pain shoots through your body!
Unknown command.
The orc priest invokes the aid of Beogh against you.
Beogh smites you!
* * * LOW HITPOINT WARNING * * *
The orc priest falls through a shaft!
The shaft crumbles and collapses.
Throwing (i - inventory. (/) - cycle)
k - 83 stones (quivered)
Press: ? - help, Shift-Dir - straight line, f - orc priest
Aim: an orc priest, wearing a +0 leather armour You throw a stone.
The stone hits the orc priest but does no damage.
The orc priest calls down the wrath of Beogh upon you.
Beogh smites you!
You die...
Your body disappears without a glow.

#.# *...* ### #.# *#o#*#######..
#.# #.# #....##.. #.# #.#
#....##.. #.#########.###....##..
#......#(.).#.'....++..
******######.#.####+#....##..
*,,,,,,* #.#o##.....######.
**,****,* #@#.##.....# #.
****,,,,,*,* #.#.##§..§.# #.
,,,*,,**,*,* #.#.o)§§.§÷# #.
**,*,,,,,*,* #.####§§...######.
*,*,,,,,*,* #.# ####o......#.
*,*,,,,,*,* #o# #.#####.#.
*,*,,,,,*,* #(# #o#...#.#.
**,*,,**.#.#####.# #.#.#.#.##
,,,,,,,,.........#######.#.......


You could see an orc priest.

Vanquished Creatures
  An orc priest (D:3)
  2 orc wizards (D:3)
  11 adders
  4 worms
  3 dart slugs
  2 leopard geckos (D:1)
  2 orcs (D:3)
  A ball python (D:2)
  2 giant cockroaches
  12 goblins
  8 hobgoblins
  8 jackals
  6 kobolds
  8 bats
  3 frilled lizards (D:1)
  11 rats
84 creatures vanquished.

Vanquished Creatures (others)
  An orc (D:3)
1 creature vanquished.

Grand Total: 85 creatures vanquished

Notes
Turn   | Place    | Note
-------+----------+-------------------------------------------
     0 | D:1      | REmasher the Human Fighter began the quest for the Orb.
     0 | D:1      | Reached XP level 1. HP: 18/18 MP: 1/1
   171 | D:1      | Reached XP level 2. HP: 23/24 MP: 2/2
   397 | D:1      | Reached XP level 3. HP: 10/29 MP: 3/3
  1284 | D:2      | Reached XP level 4. HP: 33/35 MP: 4/4
  1338 | D:2      | Found a faded altar of an unknown god.
  1340 | D:2      | Became a worshipper of Nemelex Xobeh the Trickster
  1340 | D:2      | Received a gift from Nemelex Xobeh
  1340 | D:2      | Reached * piety under Nemelex Xobeh
  1676 | D:2      | Received a gift from Nemelex Xobeh
  1685 | D:2      | Reached XP level 5. HP: 42/42 MP: 5/5
  2113 | D:3      | Found an ancient bone altar of Kikubaaqudgha.
  2367 | D:3      | Reached skill level 1 in Short Blades
  2372 | D:3      | Reached XP level 6. HP: 43/48 MP: 6/6
  2588 | D:3      | You fall into a shaft and drop 1 floor!
  2588 | D:4      | Found a basalt altar of Yredelemnul.
  2589 | D:4      | Found a shadowy altar of Dithmenos.
  2861 | D:3      | Reached ** piety under Nemelex Xobeh
  3073 | D:3      | Killed from afar by an orc priest

Illustrated notes

Levels and vault maps discovered:
D:1:      dpeg_arrival_arbitrary_b, layout_loops_ring
D:2:      layout_rooms, chequers_ecumenical_altar_twisty
D:3:      layout_basic, marbit_many_paths, st_stairs_3
D:4:      layout_loops_ring, grunt_temple_overflow_lords_of_destruction,
          ashenzari_altar_1, grunt_temple_overflow_open,
          minmay_temple_entry_hall, serial_shops, shop, uniq_menkaure

Skill      XL: |  1  2  3  4  5  6 |
---------------+-------------------+-----
Axes           | 3 |  3.1
Short Blades   | 2 |  2.6
Fighting       | 4 |  4.2
Armour         | 4 |  4.2
Dodging        | |  0.6
Shields        | |  3.4

Action                   |  1- 3 |  4- 6 || total
-------------------------+-------+-------++-------
Melee: War axe           |    99 |       ||    99
       Dagger            |    15 |   107 ||   122
Throw: Stone             |       |     4 ||     4
Invok: Draw Destruction  |       |     6 ||     6
       Draw Escape       |       |     3 ||     3
  Use: Scroll            |     2 |     3 ||     5
  Eat: Chunk             |     1 |     6 ||     7
Armor: Scale mail        |    59 |     7 ||    66
       Chain mail        |       |    43 ||    43
Dodge: Dodged            |    39 |    18 ||    57
Block: Kite shield       |    60 |    38 ||    98
